 Dungeon Crawl Stone Soup version 0.31-a0-102-g33a4ccc0cb (webtiles) character file.

Game seed: 1681986697398624332

1803 NateTC the Magician (level 9, -2/65 HPs)
             Began as a Djinni Ice Elementalist on May 27, 2023.
             Was a Follower of Makhleb.
             Slain by a wight
             ... wielding a +3 dire flail
              (9 damage)
             ... on level 7 of the Dungeon.
             The game lasted 00:18:38 (5379 turns).

NateTC the Magician (Djinni Ice Elementalist)       Turns: 5379, Time: 00:18:38

Health: -2/65      AC:  6    Str:  7    XL:     9   Next: 30%
Gold:   198        EV: 12    Int: 20    God:    Makhleb [*.....] SH:  0 Dex: 15

rFire   + + .        (no weapon)
rCold   x . .        (no shield)
rNeg    . . .        r - +0 steam dragon scales
rPois   ∞            (no helmet)
rElec   .            m - +0 cloak
rCorr   .            (no gloves)
SInv    .            (boots unavailable)
Will    .....        (no amulet)
Stlth   ++           (no ring)
HPRegen 0.30/turn    (no ring)
MPRegen 0.00/turn

%: infuse magic (-3 HP)
@: freezing walls, flying
A: sickness immunity, fire resistance 2, cold vulnerability 1, float, innate
caster, HP casting, extra vitality 1
a: Renounce Religion


You were on level 7 of the Dungeon.
You worshipped Makhleb.
Makhleb was aware of your devotion.
You visited 2 branches of the dungeon, and saw 8 of its levels.

You collected 198 gold pieces.

Inventory:

Armour
 m - a +0 cloak (worn)
 r - +0 steam dragon scales (worn)
Wands
 c - a wand of flame (21)
 k - a wand of paralysis (2)
 q - a wand of polymorph (14)
Scrolls
 f - a scroll of poison
 o - a scroll of fog
 p - a scroll of identify
Potions
 b - 3 potions of curing
 d - a potion of haste {unknown}
 e - 3 potions of mutation
 g - 3 potions of heal wounds
 h - 2 potions of might
 i - 2 potions of invisibility {unknown}
 j - a potion of lignification {unknown}
 l - 3 potions of berserk rage
 n - 2 potions of enlightenment {unknown}


   Skills:
 * Level 5.3 Fighting
 - Level 2.1 Dodging
 - Level 1.5 Stealth
 - Level 7.5 Spellcasting
 - Level 7.5 Conjurations
 - Level 7.5 Hexes
 - Level 7.5 Summonings
 - Level 7.5 Necromancy
 - Level 7.5 Translocations
 - Level 7.5 Transmutations
 - Level 7.5 Fire Magic
 - Level 7.5 Ice Magic
 - Level 7.5 Air Magic
 - Level 7.5 Earth Magic
 - Level 7.5 Poison Magic
 - Level 4.1 Invocations


You knew the following spells:

 Your Spells              Type           Power      Damage    Failure   Level
a - Freeze                Ice            100%       1d10      1%          1
b - Frozen Ramparts       Ice            74%        1d12      1%          3
c - Ozocubu's Armour      Ice            37%        N/A       1%          3
d - Summon Ice Beast      Ice/Summ       34%        N/A       6%          4
e - Beastly Appendage     Tmut           74%        N/A       1%          1
f - Call Imp              Summ           74%        N/A       1%          2
g - Ignite Poison         Fire/Tmut/Pois 32%        N/A       1%          3
h - Vhi's Electric Charg  Tloc/Air       68%        N/A       1%          3
Your spell library was empty.

Dungeon Overview and Level Annotations

Branches:
Dungeon (7/15) Zot: 26713  Temple (1/1) D:4 Zot: 5835

Altars:
Ashenzari
Cheibriados
Dithmenos
Elyvilon
Fedhas
Gozag
Hepliaklqana
Makhleb
Nemelex Xobeh
Okawaru
Qazlal
Ru
Trog
Uskayaw
Wu Jian
Xom
Yredelemnul
Zin
The Shining One

Annotations:
D:6 3 runed translucent doors, PerfectTommy's ghost, novice MfGl


Innate Abilities, Weirdness & Mutations

You are immune to sickness and miasma.
You are immune to poison.
Your flesh is very heat resistant. (rF++)
You are vulnerable to cold. (rC-)
You float through the air rather than walking.
You learn spells naturally, not from books.
Your magical power is your life essence.
You have superior vitality. (+4 MHP)


Message History

The wight hits you with a +3 dire flail!
You freeze the wight.
The wight resists.
The wight is moderately damaged.
The wight resists.
The wall freezes the wight.
The wight misses you.
You freeze the wight.
The wight resists.
The wight is heavily damaged.
The frozen ramparts melt away.
The wight hits you with a +3 dire flail.
You are too injured to fight recklessly!
You are too injured to fight recklessly!
Casting: Freeze (safe; 1% risk of failure)
Confirm with . or Enter, or press ? or * to list all spells.
Casting: Frozen Ramparts (safe; 1% risk of failure)
Press: ? - help, Dir - look around, f - activate The walls around you are covered in ice.
The wall freezes the wight but does no damage.
The wight hits you with a +3 dire flail!
* * * LOW HITPOINT WARNING * * *
Casting: Frozen Ramparts (safe; 1% risk of failure)
Confirm with . or Enter, or press ? or * to list all spells.
Aiming: Freeze (safe; 1% risk of failure)
Press: ? - help, Shift-Dir - straight line, f - wight
Aim: a wight, wielding a +3 dire flail and wearing a +0 robe (heavily damaged)
You freeze the wight.
The wight resists.
The wight is heavily damaged.
* * * LOW HITPOINT WARNING * * *
The wall freezes the wight but does no damage.
The wight hits you with a +3 dire flail.
* * * LOW HITPOINT WARNING * * *
Casting: Freeze (safe; 1% risk of failure)
Confirm with . or Enter, or press ? or * to list all spells.
Aiming: Freeze (safe; 1% risk of failure)
Press: ? - help, Shift-Dir - straight line, f/p - wight
Aim: a wight, wielding a +3 dire flail and wearing a +0 robe (heavily damaged)
You freeze the wight.
The wight resists.
The wight is severely damaged.
* * * LOW HITPOINT WARNING * * *
The wall freezes the wight but does no damage.
The wight hits you with a +3 dire flail!
You die...

#+# #.# #.#
######.###########.
#.......#..@z......
#.......#########
....#...### # #..##
#..# #.###..#
#......# ######.#
#.#


You could see a wight.

Vanquished Creatures
  Sigmund (D:2)
  A steam dragon (D:7)
  A water moccasin (D:6)
  An ogre (D:5)
  2 scorpions
  A wight (D:7)
  A nameless horror (D:6)
  A hound (D:5)
  A gnoll bouda (D:5)
  An orc priest (D:5)
  A sleepcap (D:4)
  2 iguanas
  Ijyb (D:3)
  2 orc wizards
  8 gnolls
  7 adders
  A white imp (D:6)
  An ufetubus (D:5)
  A worm (D:2)
  A dart slug (D:5)
  4 orcs
  5 endoplasms
  4 giant cockroaches
  5 goblins
  5 hobgoblins
  4 jackals (D:5)
  5 quokkas
  4 ball pythons
  6 bats
  3 frilled lizards
  8 kobolds
  4 rats (D:1)
93 creatures vanquished.

Vanquished Creatures (collateral kills)
  A water moccasin (D:6)
  2 ogres
  An orc priest (D:5)
  A gnoll bouda (D:7)
  5 orc wizards
  3 sleepcaps
  An iguana (D:6)
  5 gnolls
  An adder (D:4)
  2 white imps (D:6)
  A dart slug (D:4)
  7 orcs
  2 ball pythons (D:4)
  4 bat zombies (D:3)
  4 endoplasms
  2 goblins (D:4)
  2 hobgoblins (D:4)
44 creatures vanquished.

Grand Total: 137 creatures vanquished

Notes
Turn   | Place    | Note
-------+----------+-------------------------------------------
     0 | D:1      | NateTC the Djinni Ice Elementalist began the quest for the
                  | Orb.
     0 | D:1      | NateTC set off with the following spells memorised: Freeze,
                  | Frozen Ramparts, Ozocubu's Armour, Summon Ice Beast.
     0 | D:1      | Reached XP level 1. HP: 15/15 MP: 0/0
    50 | D:1      | Reached XP level 2. HP: 16/21 MP: 0/0
   236 | D:1      | Reached XP level 3. HP: 24/25 MP: 0/0
   236 | D:1      | Learned a level 1 spell: Beastly Appendage
   643 | D:2      | Reached XP level 4. HP: 26/31 MP: 0/0
   763 | D:2      | Noticed Sigmund
   773 | D:2      | Killed Sigmund
   774 | D:2      | Reached skill level 5 in Spellcasting
   774 | D:2      | Reached skill level 5 in Conjurations
   774 | D:2      | Reached skill level 5 in Hexes
   774 | D:2      | Reached skill level 5 in Summonings
   774 | D:2      | Reached skill level 5 in Necromancy
   774 | D:2      | Reached skill level 5 in Translocations
   774 | D:2      | Reached skill level 5 in Transmutations
   774 | D:2      | Reached skill level 5 in Fire Magic
   774 | D:2      | Reached skill level 5 in Ice Magic
   774 | D:2      | Reached skill level 5 in Air Magic
   774 | D:2      | Reached skill level 5 in Earth Magic
   774 | D:2      | Reached skill level 5 in Poison Magic
   774 | D:2      | Reached XP level 5. HP: 27/35 MP: 0/0
   774 | D:2      | Learned a level 2 spell: Call Imp
   774 | D:2      | Reached XP level 6. HP: 30/40 MP: 0/0
   861 | D:2      | You are sucked into a shaft and drop 1 floor!
  1137 | D:3      | Noticed Ijyb
  1141 | D:3      | Found a stormy altar of Qazlal.
  1146 | D:3      | Killed Ijyb
  1529 | D:3      | Reached XP level 7. HP: 41/45 MP: 0/0
  1529 | D:3      | Learned a level 3 spell: Ignite Poison
  2098 | D:4      | Found a staircase to the Ecumenical Temple.
  2126 | Temple   | Entered the Ecumenical Temple
  2282 | Temple   | Became a worshipper of Makhleb the Destroyer
  2421 | D:4      | Found a bloodstained altar of Trog.
  2421 | D:4      | Found a shimmering altar of Xom.
  2794 | D:5      | Entered Level 5 of the Dungeon
  2946 | D:5      | Found a glowing golden altar of the Shining One.
  3027 | D:5      | Reached skill level 1 in Invocations
  3028 | D:5      | Reached XP level 8. HP: 42/50 MP: 0/0
  3539 | D:5      | Found a sparkling altar of Nemelex Xobeh.
  3739 | D:6      | Reached * piety under Makhleb
  3804 | D:6      | Reached skill level 1 in Fighting
  4142 | D:6      | Reached XP level 9. HP: 56/59 MP: 0/0
  4142 | D:6      | Learned a level 3 spell: Vhi's Electric Charge
  4736 | D:6      | Found a runed translucent gate.
  4736 | D:6      | Found a runed translucent gate.
  4736 | D:6      | Found a runed translucent gate.
  4742 | D:6      | Noticed PerfectTommy's ghost (novice MfGl)
  5246 | D:7      | Reached skill level 5 in Fighting
  5379 | D:7      | Slain by a wight

Illustrated notes

Levels and vault maps discovered:
D:1:      psy_arrival_whirlpool, layout_rooms
D:2:      wad_river_or_something, layout_basic, grunt_decor_fettered,
          uniq_sigmund
D:3:      layout_loops_ring, lemuel_zombie_altar_kikubaaqudgha,
          mainiacjoe_overflow_small_starburst, minivault_11,
          minmay_misc_feat_ornament, uniq_ijyb
D:4:      layout_cave_pools, mainiacjoe_overflow_divided_tiny,
          minmay_temple_entry_wispy, grunt_ministairs_12, minmay_between
D:5:      layout_loops_cross, nemelex_dance_club_becter, tso_altar,
          kennysheep_cluttered_room
D:6:      layout_basic, ebering_ghost_rock_garden
D:7:      layout_loops_corners
Temple:   lightli_temple_of_artemis

Skill      XL: |  1  2  3  4  5  6  7  8  9 |
---------------+----------------------------+-----
Spellcasting   | 4 5 6 7 |  7.5
Conjurations   | 4 5 6 7 |  7.5
Hexes          | 4 5 6 7 |  7.5
Summonings     | 4 5 6 7 |  7.5
Necromancy     | 4 5 6 7 |  7.5
Translocations | 4 5 6 7 |  7.5
Transmutations | 4 5 6 7 |  7.5
Fire Magic     | 4 5 6 7 |  7.5
Ice Magic      | 4 5 6 7 |  7.5
Air Magic      | 4 5 6 7 |  7.5
Earth Magic    | 4 5 6 7 |  7.5
Poison Magic   | 4 5 6 7 |  7.5
Invocations    | 1 4 |  4.1
Fighting       | 2 5 |  5.3
Dodging        | |  2.1
Stealth        | |  1.5

Action                     |  1- 3 |  4- 6 |  7- 9 || total
---------------------------+-------+-------+-------++-------
  Melee: Unarmed           |       |       |     9 ||     9
   Cast: Freeze            |    45 |    23 |    56 ||   124
         Frozen Ramparts   |       |    11 |    25 ||    36
         Ozocubu's Armour  |       |     1 |     8 ||     9
         Call Imp          |       |     6 |    21 ||    27
         Summon Ice Beast  |       |       |    22 ||    22
    Use: Scroll            |     3 |       |    11 ||    14
 Armour: Robe              |     7 |     1 |    28 ||    36
         Steam dragon scal |       |       |     3 ||     3
  Dodge: Dodged            |    24 |    13 |    78 ||   115

Table legend: (Time is in decaauts)
 A = Elapsed time spent in this place.
 B = Non-inter-level travel time spent in this place.
 C = Inter-level travel time spent in this place.
 D = Time resting spent in this place.
 E = Time spent auto-exploring this place.
 F = Levels seen in this place.
 G = Mean time per level.
                   A        B        C        D        E       F      G
               +--------+--------+--------+--------+--------+-----+--------+
         Total |   5377 |   5255 |    122 |   1228 |   2666 |   8 |  672.1 |
       Dungeon |   5212 |   5098 |    114 |   1128 |   2666 |   7 |  744.6 |
        Temple |    164 |    156 |      8 |    100 |      0 |   1 |  164.0 |
               +--------+--------+--------+--------+--------+-----+--------+

Top non-repeatable levels by time:
     D:6: 1362 daAuts
     D:5: 935 daAuts
     D:3: 901 daAuts
     D:4: 866 daAuts
     D:1: 597 daAuts
     D:7: 285 daAuts
     D:2: 263 daAuts
  Temple: 164 daAuts
